2745 views
Uploaded 2020-07-04 08:57:36
Game version 1.32.6 / 1.32.7
16:14 long 1on1 custom game on (2)EchoIsles
Game name "gymygymgym"
Saved by Anár
2745 views
Uploaded 2020-07-04 08:57:36
Game version 1.32.6 / 1.32.7
16:14 long 1on1 custom game on (2)EchoIsles
Game name "gymygymgym"

42 units @ 3.9k
/ 0.2k
9 buildings @ 1.5k
/ 0.5k



| Moonstone | 1 | 50 |
| Lesser Clarity Potion | 1 | 70 |
| Staff of Preservation | 1 | 150 |
| Orb of Venom | 1 | 325 |
| Potion of Healing | 1 | 150 |
| total: | 5 | 745g |
| Wisp | 22 | 1320 | / | 0 |
| Archer | 20 | 2600 | / | 200 |
| total: | 42 | 3920g | / | 200w |
| Altar of Elders | 1 | 180 | / | 50 |
| Moon Well | 4 | 720 | / | 160 |
| Ancient of War | 2 | 300 | / | 120 |
| Ancient of Wonders | 1 | 90 | / | 30 |
| Hunter's Hall | 1 | 210 | / | 100 |
| Tree of Ages | 1 | 320 | / | 180 |
| Tree of Eternity | 1 | 330 | / | 200 |
| total: | 9 | 1500g | / | 460w |
| 0:02 | Wisp |
| 0:02 | Wisp |
| 0:06 | Altar of Elders |
| 0:17 | Moon Well |
| 0:22 | Ancient of War |
| 0:30 | Wisp |
| 0:30 | Wisp |
| 0:30 | Wisp |
| 0:30 | Wisp |
| 0:38 | Wisp |
| 0:45 | Wisp |
| 0:59 | Wisp |
| 1:18 | Wisp |
| 1:23 | Archer |
| 1:32 | Wisp |
| 1:39 | Moon Well |
| 1:59 | Wisp |
| 1:59 | Wisp |
| 2:06 | Force of Nature |
| 2:49 | Tree of Ages |
| 2:54 | Entangling Roots |
| 3:18 | Archer |
| 3:18 | Archer |
| 3:18 | Archer |
| 3:23 | Moon Well |
| 3:51 | Archer |
| 4:09 | Moon Well |
| 4:25 | Archer |
| 4:34 | Archer |
| 5:12 | Wisp |
| 5:12 | Wisp |
| 5:52 | Entangling Roots |
| 5:56 | Frost Arrows |
| 6:15 | Archer |
| 6:17 | Wisp |
| 6:20 | Ancient of War |
| 6:33 | Tree of Eternity |
| 7:11 | Ancient of Wonders |
| 7:12 | Improved Bows |
| 7:41 | Archer |
| 7:43 | Archer |
| 7:51 | Archer |
| 7:54 | Hunter's Hall |
| 8:20 | Forked Lightning |
| 9:07 | Archer |
| 9:11 | Wisp |
| 9:11 | Wisp |
| 9:20 | Moonstone |
| 9:20 | Lesser Clarity Potion |
| 9:22 | Staff of Preservation |
| 9:23 | Orb of Venom |
| 9:41 | Archer |
| 9:50 | Wisp |
| 10:09 | Marksmanship |
| 10:11 | Archer |
| 11:09 | Archer |
| 11:27 | Acid Bomb |
| 12:05 | Archer |
| 12:16 | Potion of Healing |
| 12:43 | Archer |
| 13:55 | Archer |
| 14:11 | Forked Lightning |
| 14:18 | Archer |
| 14:24 | Force of Nature |
| 15:34 | Wisp |
| 15:34 | Wisp |
| 15:34 | Wisp |
| 15:35 | Archer |
| Right click | 1073 |
| Select | 488 |
| Select group | 90 |
| Build/train/purchase | 81 |
| Chat | 65 |
| Use ability | 56 |
| Assign group | 53 |
| Misc. action | 10 |
| Item give/drop | 6 |
| Esc | 1 |
38 units @ 5.6k
/ 0.5k
13 buildings @ 1.7k
/ 0.7k


| Scroll of Regeneration | 1 | 100 |
| Lesser Clarity Potion | 3 | 210 |
| Potion of Lesser Invulnerability | 2 | 300 |
| total: | 6 | 610g |
| Peasant | 11 | 825 | / | 0 |
| Footman | 5 | 675 | / | 0 |
| Rifleman | 10 | 2050 | / | 300 |
| Priest | 6 | 810 | / | 60 |
| Spell Breaker | 2 | 430 | / | 60 |
| Forest Troll Shadow Priest | 4 | 780 | / | 40 |
| total: | 38 | 5570g | / | 460w |
| Scout Tower | 1 | 30 | / | 20 |
| Arcane Tower | 1 | 70 | / | 50 |
| Farm | 6 | 480 | / | 120 |
| Altar of Kings | 1 | 180 | / | 50 |
| Barracks | 1 | 160 | / | 60 |
| Arcane Vault | 1 | 130 | / | 30 |
| Blacksmith | 1 | 140 | / | 60 |
| Town Hall | 1 | 385 | / | 205 |
| Arcane Sanctum | 1 | 150 | / | 140 |
| Keep | 1 | 320 | / | 210 |
| Castle | 1 | 360 | / | 210 |
| total: | 13 | 1655g | / | 685w |
| 0:01 | Peasant |
| 0:02 | Peasant |
| 0:10 | Farm |
| 0:13 | Altar of Kings |
| 0:18 | Barracks |
| 0:24 | Peasant |
| 0:39 | Peasant |
| 0:49 | Farm |
| 0:52 | Peasant |
| 1:17 | Peasant |
| 1:19 | Footman |
| 1:32 | Peasant |
| 1:33 | Farm |
| 1:44 | Footman |
| 1:51 | Peasant |
| 2:09 | Footman |
| 2:14 | Summon Water Elemental |
| 2:25 | Scout Tower |
| 2:38 | Forest Troll Shadow Priest |
| 2:38 | Forest Troll Shadow Priest |
| 2:48 | Peasant |
| 2:59 | Arcane Tower |
| 3:03 | Brilliance Aura |
| 3:12 | Footman |
| 3:15 | Peasant |
| 3:30 | Keep |
| 3:45 | Farm |
| 3:57 | Defend |
| 4:18 | Arcane Vault |
| 4:20 | Blacksmith |
| 4:23 | Summon Water Elemental |
| 4:35 | Footman |
| 4:42 | Farm |
| 5:36 | Rifleman |
| 5:57 | Arcane Sanctum |
| 6:17 | Scroll of Regeneration |
| 6:17 | Lesser Clarity Potion |
| 6:33 | Forest Troll Shadow Priest |
| 6:33 | Forest Troll Shadow Priest |
| 6:53 | Storm Bolt |
| 7:31 | Rifleman |
| 7:50 | Long Rifles |
| 7:55 | Priest |
| 7:55 | Priest Adept Training |
| 8:26 | Spell Breaker |
| 8:40 | Rifleman |
| 9:13 | Rifleman |
| 9:23 | Farm |
| 9:32 | Potion of Lesser Invulnerability |
| 9:39 | Lesser Clarity Potion |
| 10:02 | Control Magic |
| 10:12 | Thunder Clap |
| 10:16 | Brilliance Aura |
| 10:28 | Priest |
| 10:30 | Rifleman |
| 10:31 | Black Gunpowder |
| 11:34 | Priest |
| 11:36 | Potion of Lesser Invulnerability |
| 12:18 | Priest |
| 12:28 | Lesser Clarity Potion |
| 12:34 | Town Hall |
| 13:46 | Rifleman |
| 13:48 | Summon Water Elemental |
| 13:55 | Storm Bolt |
| 14:15 | Priest |
| 14:16 | Peasant |
| 14:21 | Rifleman |
| 14:24 | Castle |
| 14:47 | Priest |
| 14:49 | Rifleman |
| 14:49 | Rifleman |
| 15:35 | Spell Breaker |
| 15:36 | Rifleman |
| 15:39 | Refined Gunpowder |
| 16:00 | Thunder Clap |
| Right click | 701 |
| Select group | 628 |
| Select | 349 |
| Build/train/purchase | 110 |
| Misc. action | 65 |
| Assign group | 56 |
| Use ability | 26 |
| Chat | 7 |
| Item give/drop | 3 |